 Dungeon Crawl Stone Soup version 0.15.0-27-gbdb0435 (console) character file.

1774 gw the Ruffian (level 8, -1/118 HPs)
             Began as a Troll Monk on Sept 11, 2014.
             Was a Believer of Qazlal.
             Slain by a gnoll
             ... wielding a +0 flail
              (11 damage)
             ... on Level 6 of the Dungeon.
             The game lasted 00:05:26 (7173 turns).

gw the Ruffian (Troll Monk)                         Turns: 7173, Time: 00:05:26

HP  -1/118       AC  5     Str 25      XL: 8   Next: 80%
MP   5/6         EV 12     Int  6      God: Qazlal [**....]
Gold 0           SH  3     Dex 14      Spells:  0 memorised,  7 levels left

rFire  . . .     SeeInvis .       - Unarmed
rCold  . . .     Clarity  .     a - +0 robe
rNeg   . . .     rCorr    .     (shield restricted)
rPois  .         rRot     .     (helmet restricted)
rElec  .         Spirit   .     (no cloak)
SustAb .         Warding  .     (gloves unavailable)
rMut   .         Stasis   .     (boots unavailable)
Gourm  +                        h - cursed amulet of rage
MR     .....                    (no ring)
                                (no ring)

@: berserking (expiring), very quick, not resistant to hostile enchantments,
extremely unstealthy
A: unfitting armour, claws 3, fast metabolism 3, gourmand, regeneration 2,
saprovore 2, shaggy fur 1, tough skin 2
a: Upheaval, Renounce Religion, Evoke Berserk Rage


You were on level 6 of the Dungeon.
You worshipped Qazlal.
Qazlal was pleased with you.
You were very full.

You visited 2 branches of the dungeon, and saw 7 of its levels.

Inventory:

Missiles
 c - 219 stones (quivered)
Armour
 a - a +0 robe (worn)
Magical devices
 p - a wand of draining (5)
Comestibles
 b - 4 meat rations
 d - 2 chunks of jackal flesh
 f - 4 bread rations
 g - 3 fruits
 j - a slice of pizza
 o - 3 rotting chunks of orc flesh
 r - a beef jerky
Scrolls
 e - 5 scrolls of identify
 i - 8 scrolls of remove curse
 k - a scroll of recharging
 n - a scroll of enchant armour {unknown}
Jewellery
 h - a cursed amulet of rage (around neck)
Potions
 l - 2 potions of heal wounds
 m - 2 potions of curing


   Skills:
 + Level 4.8 Fighting
 + Level 4.2 Throwing
 + Level 5.2 Dodging
 - Level 1.1 Stealth
 + Level 7.4 Unarmed Combat
 * Level 2.5 Invocations


You had 7 spell levels left.
You didn't know any spells.

Dungeon Overview and Level Annotations

Branches:
Dungeon (6/15)             Temple (1/1) D:6

Altars:
Ashenzari
Cheibriados
Dithmenos
Kikubaaqudgha
Makhleb
Okawaru
Qazlal
Sif Muna
Trog
Vehumet
Xom
Yredelemnul
The Shining One

Shops:
D:5 (


Innate Abilities, Weirdness & Mutations

You are too large for most types of armour.
You have claws for hands.
Your metabolism is lightning-fast.
You like to eat raw meat.
You heal very quickly.
You can eat rotten meat.
You are covered in fur (AC +1).
You have very tough skin (AC +2).


Message History

ATTACK MOVE TO (-1,-1)
You closely miss the gnoll.
The gnoll is severely wounded.
The gnoll shouts!
You block the gnoll's attack.
ATTACK MOVE TO (-1,-1)
You mangle the gnoll!!
You kill the gnoll!
Qazlal accepts your kill. The gnoll hits you with a halberd!
You block the gnoll's attack. You block the gnoll's attack.
ATTACK MOVE TO (0,-1)
You closely miss the gnoll.
ATTACK MOVE TO (-1,-1)
You mangle the gnoll!!
You kill the gnoll!
Qazlal accepts your kill. The gnoll hits you with a halberd!
You block the gnoll's attack. The gnoll hits you with a flail!
You die...

' ..%. ..... .... ...
##''## #######...(####
.'gg.g.)gg..'....
#TgO.#
###########)'''#####
..........)..........
~~~~~~~~~~~....~~~~~~
~#
~~~~~~~~~)~~....~~~~~~
~~
~~~~~~~~~)~~....~~~~~~~
~~
....!...%%.............
..
.......##.##.##.###.##
# ####..%....#...## ###


You could see an ogre and 6 gnolls.

Table legend:
 A = Turns spent in this place as a percentage of turns spent in the entire game.
 B = Non-inter-level travel turns spent in this place as a percentage of non-inter-level travel turns spent in the entire game.
 C = Inter-level travel turns spent in this place as a percentage of turns spent in this place.
 D = Turns resting spent in this place as a percentage of non-inter-level travel turns spent in this place.
 E = Turns spent auto-exploring this place as a percentage of non-inter-level travel turns spent in this place.
 F = Non-inter-level travel turns spent in this place divided by the number of levels of this place that you've seen.
                   A       B       C       D       E      F
               +-------+-------+-------+-------+-------+----------------------
         Total | 100.0 | 100.0 |   3.5 |   2.9 |   9.6 | 411.7
       Dungeon |  97.5 |  97.5 |   3.5 |   3.0 |   9.5 | 468.2
        Temple |   2.5 |   2.5 |   1.4 |   0.0 |  15.1 |  73.0
               +-------+-------+-------+-------+-------+----------------------

Table legend:
 A = Kills in this place as a percentage of kills in entire the game.
 B = Kills by you in this place as a percentage of kills by you in the entire game.
 C = Kills by friends in this place as a percentage of kills by friends in the entire game.
 D = Other kills in this place as a percentage of other kills in the entire game.
 E = Experience gained in this place as a percentage of experience gained in the entire game.
 F = Experience gained in this place divided by the number of levels of this place that you have seen.
                   A       B       C       D       E      F
               +-------+-------+-------+-------+-------+----------------------
         Total | 100.0 | 100.0 |  -nan |  -nan | 100.0 | 362.1
       Dungeon | 100.0 | 100.0 |  -nan |  -nan | 100.0 | 422.5
               +-------+-------+-------+-------+-------+----------------------

Vanquished Creatures
  An orc warrior (D:6)
  2 ogres (D:5)
  A sky beast (D:3)
  A necrophage (D:6)
  A centaur (D:5)
  Duvessa (D:6)
  A scorpion (D:4)
  A crimson imp (D:5)
  Dowan (D:6)
  6 orc priests
  A hound (D:4)
  An iguana (D:4)
  4 worker ants
  8 orc wizards
  A mummy (D:6)
  9 adders
  23 gnolls
  2 giant mites
  3 worms (D:3)
  A gnoll zombie (D:6)
  An adder zombie (D:6)
  An orc skeleton (D:6)
  An ooze (D:1)
  21 orcs
  7 bats
  7 giant cockroaches
  14 hobgoblins
  10 jackals
  17 kobolds
  3 quokkas
  3 ball pythons
  3 giant geckos
  A giant gecko skeleton (D:4)
  5 giant newts
  14 goblins
  A goblin zombie (D:5)
  A hobgoblin zombie (D:6)
  A jackal skeleton (D:5)
  A kobold skeleton (D:4)
  2 kobold zombies (D:6)
  2 orc zombies (D:6)
  9 rats
194 creatures vanquished.

Notes
Turn   | Place    | Note
--------------------------------------------------------------
     0 | D:1      | gw, the Troll Monk, began the quest for the Orb.
     0 | D:1      | Reached XP level 1. HP: 22/22 MP: 1/1
   261 | D:1      | Reached XP level 2. HP: 29/29 MP: 1/1
   872 | D:1      | Reached skill level 1 in Throwing
  1187 | D:1      | Reached XP level 3. HP: 36/36 MP: 2/2
  1888 | D:3      | Reached XP level 4. HP: 44/44 MP: 2/2
  2932 | D:3      | Noticed a sky beast
  2942 | D:3      | Killed a sky beast
  2942 | D:3      | Reached skill level 5 in Unarmed Combat
  2942 | D:3      | Reached XP level 5. HP: 53/53 MP: 2/2
  3450 | D:4      | Reached XP level 6. HP: 61/61 MP: 3/3
  3946 | D:4      | Reached XP level 7. HP: 67/67 MP: 3/3
  4554 | D:4      | Reached skill level 6 in Unarmed Combat
  5164 | D:5      | Entered Level 5 of the Dungeon
  5593 | D:5      | Found Oniolaec's Weapon Emporium.
  5743 | D:5      | Reached XP level 8. HP: 76/78 MP: 3/3
  5963 | D:5      | Reached skill level 7 in Unarmed Combat
  6621 | D:6      | Found a snail-covered altar of Cheibriados.
  6678 | D:6      | Found a staircase to the Ecumenical Temple.
  6684 | Temple   | Entered the Ecumenical Temple
  6751 | Temple   | Became a worshipper of Qazlal Stormbringer
  6751 | Temple   | Acquired Qazlal's first power
  6751 | Temple   | Acquired Qazlal's second power
  6907 | D:6      | Reached skill level 1 in Invocations
  7051 | D:6      | Reached skill level 5 in Dodging
  7089 | D:6      | Noticed Dowan
  7091 | D:6      | Noticed Duvessa
  7097 | D:6      | Killed Duvessa
  7111 | D:6      | Killed Dowan
  7173 | D:6      | Slain by a gnoll

Action                   |  1- 3 |  4- 6 |  7- 9 || total
-------------------------+-------+-------+-------++-------
Melee: Unarmed           |    86 |   123 |   239 ||   448
Throw: Stone             |    83 |   150 |    91 ||   324
       Tomahawk          |       |       |    21 ||    21
 Abil: Evoke Berserk Rag |       |     4 |     4 ||     8
Evoke: Wand              |       |       |     1 ||     1
  Use: Potion            |     5 |     1 |     1 ||     7
       Scroll            |     4 |     1 |     4 ||     9
 Stab: Sleeping          |       |       |     1 ||     1
  Eat: Chunk             |    21 |    22 |    31 ||    74

Vault maps used:
D:1:      dpeg_arrival_pond, hex_intersection
D:3:      minivault_19, serial_bayou_pond_d
D:4:      first_bread, dk_noncrumbling_1
D:5:      corexii_shantytown, serial_shops, shop
D:6:      lemuel_castle_with_subvaults, nemelex_deck, lemuel_round_altar,
          minmay_temple_entry_hall, lightli_ossuary_entry_decrepit_ruins,
          serial_shops, shop, minmay_mini_ossuary, uniq_duvessa
Temple:   circular_temple_12
